AoeStats
← 1301015563

Arabia

509652576Analyzed
4v4 RM · 4d ago on Sep 27, 2026· 46m 25s· 8 players
Game mode
Random Map
Map size
Large (8 player)
Population
200
Speed
Normal
Resources
Standard
Victory
Conquest
Starting age
Dark Age
Ending age
Imperial Age
RankedLock teamsTeams togetherTeam positionsShared explorationLock speedFull tech treeHidden civsTurbo modeCheats
Victory
Defeat
🇹🇷 Inca · Türkiye
1193
+14
🇲🇽 Maya · Mexico
1170
+15
🇨🇳 Franks · China
1088
+19
🇨🇳 Huns · China
1083
+19
🇧🇷 Franks · Brazil
1181
-18
🇪🇸 Persians · Spain
1144
-17
🇧🇷 Varangians · Brazil
1135
-16
🇨🇳 Vietnamese · China
1134
-16
edu_hen
9:22 Feudal Age
10:29 Loom
11:50 Double-Bit Axe
12:43 Bloodlines
20:22 Gold Mining
22:00 Padded Archer Armor
22:10 Horse Collar
24:07 Fletching
29:24 Castle Age
29:46 Crossbowman
30:48 Bodkin Arrow
34:01 Wheelbarrow
33:52 Bow Saw
33:38 Pikeman
35:11 Leather Archer Armor
40:03 Heavy Plow
41:47 Hand Cart
41:59 Forging
GADIR00th
3:28 Loom
10:00 Feudal Age
10:51 Double-Bit Axe
17:20 Bloodlines
21:05 Castle Age
19:30 Gold Mining
21:35 Husbandry
22:08 Bow Saw
23:24 Horse Collar
26:20 Forging
26:17 Scale Barding Armor
26:05 Fletching
29:02 Iron Casting
30:51 Chain Barding Armor
32:38 Gold Shaft Mining
41:36 Imperial Age
40:31 Scale Mail Armor
40:52 Bodkin Arrow
40:58 Murder Holes
41:14 Masonry
41:28 Squires
40:48 Pikeman
42:15 Halberdier
Aragorn
8:07 Loom
10:07 Feudal Age
14:43 Scale Barding Armor
14:49 Forging
20:42 Double-Bit Axe
24:10 Castle Age
25:54 Bow Saw
30:43 Wheelbarrow
31:04 Husbandry
32:09 Chain Barding Armor
32:15 Town Watch
34:14 Gold Mining
38:37 Imperial Age
36:27 Hand Cart
37:57 Town Patrol
38:48 Iron Casting
38:39 Cavalier
39:55 Plate Barding Armor
40:49 Chemistry
41:31 Blast Furnace
40:08 Paladin
42:39 Conscription
45:12 Chivalry
雾野行卒
6:18 Loom
9:25 Feudal Age
10:06 Double-Bit Axe
10:08 Horse Collar
14:36 Gold Mining
17:52 Wheelbarrow
21:39 Castle Age
20:03 Fletching
21:47 Padded Archer Armor
22:26 Bodkin Arrow
21:53 Crossbowman
23:00 Leather Archer Armor
23:35 Bow Saw
26:31 Ballistics
26:31 Hand Cart
27:58 Thumb Ring
34:31 Imperial Age
34:17 Scale Mail Armor
34:28 Forging
34:03 Treadmill Crane
34:35 Arbalester
36:21 Chemistry
35:36 Bracer
40:17 Murder Holes
39:51 Pikeman
SanjiJose
0:32 Loom
10:00 Feudal Age
18:18 Castle Age
16:10 Double-Bit Axe
16:40 Horse Collar
16:52 Gold Mining
17:50 Fletching
19:27 Padded Archer Armor
20:23 Crossbowman
25:13 Leather Archer Armor
26:50 Ballistics
NOxArbor
7:02 Loom
9:26 Feudal Age
9:30 Champi Runner
10:19 Arson
12:40 Wheelbarrow
16:17 Horse Collar
21:05 Scale Mail Armor
21:15 Forging
24:36 Castle Age
23:03 Scale Mail Armor
23:14 Forging
23:11 Double-Bit Axe
23:19 Gold Mining
26:14 Pikeman
29:07 Heavy Plow
29:34 Stone Mining
35:03 Hand Cart
35:10 Bow Saw
36:17 Iron Casting
40:57 Chain Mail Armor
44:31 Imperial Age
46:05 Crop Rotation
46:16 Gold Shaft Mining
46:20 Stone Shaft Mining
46:49 Blast Furnace
46:20 Plate Mail Armor
46:23 Elite Kamayuk
A Sir
0:32 Loom
9:14 Feudal Age
11:44 Scale Barding Armor
21:02 Castle Age
19:25 Double-Bit Axe
20:52 Gold Mining
21:15 Bloodlines
22:56 Bow Saw
28:20 Chain Barding Armor
31:31 Gold Shaft Mining
33:20 Wheelbarrow
33:42 Forging
38:00 Horse Collar
38:55 Hand Cart
40:20 Iron Casting
40:44 Heavy Plow
45:30 Imperial Age
44:07 Husbandry
44:57 Light Cavalry
45:32 Cavalier
1301015563
7:14 Loom
10:09 Feudal Age
14:46 Castle Age
13:06 Double-Bit Axe
26:06 Bow Saw
26:37 Wheelbarrow
26:03 Gold Mining
26:03 Stone Mining
29:54 Hand Cart
32:32 Imperial Age
30:21 Forging
30:16 Scale Barding Armor
31:59 Iron Casting
32:27 Gold Shaft Mining
32:15 Chain Barding Armor
32:08 Husbandry
32:05 Ordonnance Companies
34:13 Blast Furnace
33:15 Chivalry
33:35 Conscription
32:46 Cavalier
35:01 Plate Barding Armor
34:19 Paladin
35:40 Conscription
Connection lost

Rejoining the realm…

Still unreachable

The connection could not be restored.

Session expired

The server has moved on; the page needs a fresh start.